 Dungeon Crawl Stone Soup version 0.19-a0-1068-g99dd0f4 (webtiles) character file.

173 mrath the Digger (level 5, -1/28 HPs)
             Began as a Gargoyle Earth Elementalist on Aug 4, 2016.
             Killed by nerve-wracking pain
             ... invoked by Grinder
              (14 damage)
             ... on level 3 of the Dungeon.
             The game lasted 00:22:28 (3785 turns).

mrath the Digger (Gargoyle Earth Elementalist)      Turns: 3785, Time: 00:22:31

Health: -1/28      AC:  8    Str: 11    XL:     5   Next: 53%
Magic:  20/29      EV: 12    Int: 17    God:
Gold:   152        SH:  0    Dex: 10    Spells: 2 memorised, 8 levels left

rFire  . . .     SeeInvis .     j - +0 mace
rCold  . . .     Gourm    .     c - +0 robe
rNeg   + . .     Faith    .     (no shield)
rPois  ∞         Spirit   .     (no helmet)
rElec  +         Dismiss  .     s - +1 cloak
rCorr  .         Reflect  .     (no gloves)
SustAt .         Harm     .     (no boots)
MR     .....                    (no amulet)
Stlth  ++........               o - ring of magical power
                                l - ring of magical power

@:
A: negative energy resistance 1, electricity resistance, unbreathing,
petrification resistance, rot immunity, AC +4
a: no special abilities


You were on level 3 of the Dungeon.
You were hungry.

You visited 1 branch of the dungeon, and saw 3 of its levels.

You collected 152 gold pieces.

Inventory:

Hand Weapons
 j - a +0 mace (weapon)
Missiles
 b - 41 stones (quivered)
 g - a throwing net
Armour
 c - a +0 robe (worn)
 s - a +1 cloak (worn)
Jewellery
 l - a ring of magical power (left hand)
 o - a ring of magical power (right hand)
Scrolls
 a - 2 scrolls of enchant weapon {unknown}
 f - 2 scrolls of teleportation {unknown}
 i - 2 scrolls of blinking {unknown}
 n - a scroll of enchant armour {unknown}
 q - 2 scrolls of remove curse
 u - a scroll of random uselessness {unknown}
Potions
 h - a potion of agility {unknown}
 p - 3 potions of degeneration {unknown}
 r - a potion of mutation {unknown}
 t - a potion of heal wounds
Books
 e - a book of Geomancy

   Spells                             Type                      Level
   a - Sandblast                      Earth                        1
   b - Passwall                       Transmutation/Earth          2
   c - Stone Arrow                    Conjuration/Earth            3
   d - Petrify                        Transmutation/Earth          4
   e - Lee's Rapid Deconstruction     Earth                        5
Comestibles
 d - 3 bread rations
 k - a slice of pizza
 m - 2 chunks of flesh


   Skills:
 + Level 0.2 Fighting
 - Level 1.5 Dodging
 - Level 2.1 Stealth
 * Level 4.0 Spellcasting
   Level 0.7 Transmutations
 + Level 5.4 Earth Magic


You had 8 spell levels left.
You knew the following spells:

 Your Spells              Type           Power        Failure   Level  Hunger
a - Sandblast             Erth           ###...       1%          1    None
b - Stone Arrow           Conj/Erth      ##....       17%         3    ###....


Dungeon Overview and Level Annotations

Branches:
Dungeon (3/15)

Altars:
Dithmenos
Kikubaaqudgha
Xom

Annotations:
D:1 Terence
D:3 Grinder


Innate Abilities, Weirdness & Mutations

You are resistant to torment.
Your stone body is resilient. (AC +4)
You are immune to poison.
You resist negative energy. (rN+)
You are resistant to electric shocks. (rElec)
You can survive without breathing.
You are immune to petrification.
You are immune to rotting.


Message History

Casting: Stone Arrow
Confirm with . or Enter, or press ? or * to list all spells.
Aiming: Stone Arrow
Press: ? - help, Shift-Dir - straight line, f/p - Grinder
Aim: Grinder The stone arrow hits Grinder.
Grinder is moderately wounded.
Grinder misses you.
Casting: Stone Arrow
Confirm with . or Enter, or press ? or * to list all spells.
Aiming: Stone Arrow
Press: ? - help, Shift-Dir - straight line, f/p - Grinder
Aim: Grinder (moderately wounded)
The stone arrow hits Grinder.
Grinder is heavily wounded.
You are feeling hungry.
Grinder gestures at you. Pain shoots through your body!
Ouch! That really hurt!
You die...

####......####.###.###........#
...'......####.###.###.#'######
####.................[.#.########
.........#####..##.#####.........
....###..........#.....##########
....# #########..#.###.# ....#
##.#.# #.# ##### #...# #.# #
##############@.(# #.# #
#......##....#5..# #.#
###......##....#...###.#
.##......##....#.#...#'###
.##......##....#.#.......########
.##......##....#'#>......).))..).
.##......##..............########
........§###..............#
....####..........#.......#


You could see Grinder.

Vanquished Creatures
  An orc wizard (D:3)
  6 adders
  An ooze (D:2)
  4 dart slugs
  2 giant geckos
  8 orcs (D:3)
  2 ball pythons
  5 bats
  4 giant cockroaches
  5 goblins
  9 hobgoblins
  3 kobolds
  3 quokkas
  6 giant newts
  10 rats
69 creatures vanquished.

Vanquished Creatures (others)
  A human (D:2)
1 creature vanquished.

Grand Total: 70 creatures vanquished

Notes
Turn   | Place    | Note
-------+----------+-------------------------------------------
     0 | D:1      | mrath the Gargoyle Earth Elementalist began the quest for the Orb.
     0 | D:1      | Reached XP level 1. HP: 10/10 MP: 3/3
   146 | D:1      | Reached skill level 4 in Earth Magic
   290 | D:1      | Reached XP level 2. HP: 15/15 MP: 3/5
   917 | D:1      | Reached XP level 3. HP: 19/19 MP: 4/6
   988 | D:1      | Learned a level 3 spell: Stone Arrow
  1724 | D:2      | Found an ancient bone altar of Kikubaaqudgha.
  1724 | D:2      | Noticed a human
  1727 | D:2      | Killed a human
  1805 | D:2      | Reached XP level 4. HP: 24/24 MP: 6/8
  1875 | D:2      | Reached skill level 5 in Earth Magic
  2140 | D:2      | Noticed Terence
  2921 | D:3      | Reached XP level 5. HP: 28/28 MP: 10/10
  3152 | D:3      | Found a shadowy altar of Dithmenos.
  3286 | D:3      | Found a shimmering altar of Xom.
  3537 | D:3      | Noticed an ogre
  3720 | D:3      | Noticed Grinder
  3773 | D:3      | Paralysed by Grinder for 6 turns
  3785 | D:3      | Killed from afar by Grinder

Vault maps used:
D:1:      dpeg_arrival_arbitrary_a, roderic_roman_lattice
D:2:      first_bread, tgw_kikubaaqudgha, uniq_terence
D:3:      lemuel_doored_altar, grunt_dithmenos_smoke, uniq_grinder

Skill      XL: |  1  2  3  4  5 |
---------------+----------------+-----
Earth Magic    | 4 5 |  5.4
Spellcasting   | 3 4 |  4.0
Fighting       | |  0.2
Dodging        | |  1.5
Stealth        | |  2.1
Transmutations | |  0.7

Action                   |  1- 3 |  4- 6 || total
-------------------------+-------+-------++-------
Melee: Club              |    11 |       ||    11
       Whip              |    12 |       ||    12
       Mace              |     6 |    11 ||    17
 Cast: Sandblast         |    43 |    86 ||   129
       Stone Arrow       |       |     4 ||     4
  Use: Scroll            |       |     1 ||     1
 Stab: Sleeping          |       |     1 ||     1
  Eat: Chunk             |     3 |     6 ||     9
Armor: Robe              |    21 |    28 ||    49
Dodge: Dodged            |    25 |    41 ||    66
